 Dungeon Crawl Stone Soup version 0.31.0-11-ge490571c62 (webtiles) character file.

Game seed: 9543324510718121367

149 Arcadio the Gusty (level 5, -1/38 HPs)
             Began as a Draconian Air Elementalist on Jan 29, 2024.
             Slain by Grinder (7 damage)
             ... on level 3 of the Dungeon.
             The game lasted 00:07:51 (2925 turns).

Arcadio the Gusty (Draconian Air Elementalist)      Turns: 2925, Time: 00:07:52

Health: -1/38      AC:  7    Str: 10    XL:     5   Next: 9%
Magic:  0/9        EV: 12    Int: 17    God:
Gold:   69         SH:  0    Dex: 12    Spells: 4/10 levels left

rFire   . . .        l - +1 short sword (vamp)
rCold   . . .        (no shield)
rNeg    . . .        (body armour unavailable)
rPois   .            (helmet restricted)
rElec   .            v - scarf {repulsion}
rCorr   .            (no gloves)
SInv    .            r - +1 pair of boots
Will    .....        (no amulet)
Stlth   ++           (no ring)
HPRegen 0.26/turn    (no ring)
MPRegen 0.11/turn

%: repel missiles
@: very slightly contaminated
A: AC +5, unfitting armour, cold-blooded
a: no special abilities


You were on level 3 of the Dungeon.
You visited 1 branch of the dungeon, and saw 3 of its levels.

You collected 69 gold pieces.

Inventory:

Hand Weapons
 h - a +0 short sword
 l - a +1 vampiric short sword (weapon)
Missiles
 m - 19 stones
Armour
 k - a +0 pair of boots
 r - a +1 pair of boots (worn)
 v - a scarf of repulsion (worn)
Jewellery
 d - an amulet of faith
 q - a +4 ring of protection
Wands
 u - a wand of roots (8)
Scrolls
 c - 2 scrolls of teleportation {unknown}
 e - 2 scrolls of noise {unknown}
 f - 3 scrolls of poison {unknown}
 j - a scroll of revelation {unknown}
 o - a scroll of vulnerability {unknown}
 t - a scroll of enchant armour {unknown}
Potions
 a - a potion of magic
 b - a potion of mutation {unknown}
 g - 2 potions of heal wounds {unknown}
 i - a potion of resistance {unknown}
 n - 2 potions of degeneration {unknown}
 p - a potion of lignification {unknown}
 s - a potion of cancellation {unknown}


   Skills:
 + Level 3.1 Dodging
 - Level 1.7 Stealth
 + Level 3.2 Spellcasting
 - Level 1.0 Conjurations
 + Level 4.1 Air Magic


You had 4 spell levels left.
You knew the following spells:

 Your Spells              Type           Power      Damage    Failure   Level
a - Shock                 Conj/Air       44%        1d5       6%          1
b - Static Discharge      Conj/Air       22%        3-4/arc   9%          2
c - Swiftness             Air            16%        N/A       10%         3

Your spell library contained the following spells:

 Spells                   Type           Power      Damage    Failure   Level
 Mercury Vapours          Alch/Air       18%        N/A       11%         2
 Cigotuvi's Dreadful Rot  Necr/Alch/Air  14%        N/A       14%         2
 Necrotise                Necr           8%         1d4       17%         1
 Airstrike                Air            8%         2d(2-18)  30%         4
 Vampiric Draining        Necr           2%         2d6       45%         3
 Martyr's Knell           Necr/Summ      2%         N/A       86%         4
 Curse of Agony           Necr           2%         N/A       99%         5


Dungeon Overview and Level Annotations

Branches:
Dungeon (3/15)

Altars:
Ashenzari
Gozag
Nemelex Xobeh
Trog
Vehumet

Shops:
D:1 ?

Annotations:
D:3 3 runed translucent doors, Grinder; Vorhees's ghost, amateur DjCj


Innate Abilities, Weirdness & Mutations

Your plain brown scales are hard. (AC +5)
You cannot fit into any form of body armour.
You are cold-blooded and may be slowed by cold attacks.


Message History

Grinder hits you but does no damage.
You barely miss Grinder.
Grinder is almost dead.
Grinder completely misses you.
You closely miss Grinder.
Grinder is almost dead.
Grinder gestures at you.
You suddenly lose the ability to move!
Grinder gestures at you. You resist with significant effort.
You can move again.
Unknown command.
You barely miss Grinder.
Grinder is almost dead.
Grinder blinks!
Grinder says, "Wait up."
Grinder hits you but does no damage.
Casting: Static Discharge (safe; 9% risk of failure)
Confirm with . or Enter, or press ? or * to list all spells.
You miscast Static Discharge.
You are very lightly contaminated with residual magic.
Nothing appears to happen.
Grinder hits you.
You hit Grinder but do no damage.
Grinder is almost dead.
Grinder blinks!
You hit Grinder but do no damage.
Grinder is almost dead.
Grinder hits you.
You writhe in agony.
* * * LOW HITPOINT WARNING * * *
You hit Grinder.
Grinder is almost dead.
Grinder misses you.
You hit Grinder but do no damage.
Your tail-slap misses Grinder.
Grinder is almost dead.
Grinder blinks!
You hit Grinder.
Grinder is almost dead.
Grinder hits you!
You die...
Grinder sighs, "Dead already?
I want a refund."

#.....# ##
##.....#....
###...##.#.###
#........#
#.#...####
######.##.##
#...##.##.####
#..5..........
#.@.##........
##§######.####
#.# .# #.# #
#.. ##.# ## ♣


You could see Grinder.

Vanquished Creatures
  A bombardier beetle (D:3)
  3 gnolls (D:3)
  2 adders
  4 ribbon worms (D:2)
  An orc (D:3)
  2 ball pythons
  9 bats
  An endoplasm (D:1)
  2 giant cockroaches
  5 goblins
  7 hobgoblins
  4 jackals (D:1)
  A quokka (D:3)
  5 frilled lizards
  8 kobolds
  3 rats
58 creatures vanquished.

Notes
Turn   | Place    | Note
-------+----------+-------------------------------------------
     0 | D:1      | Arcadio the Draconian Air Elementalist began the quest for
                  | the Orb.
     0 | D:1      | Reached XP level 1. HP: 14/14 MP: 3/3
   278 | D:1      | Found Jafesm's Magic Scroll Emporium.
   295 | D:1      | Reached XP level 2. HP: 19/20 MP: 0/5
   649 | D:1      | Reached XP level 3. HP: 26/26 MP: 2/6
  1565 | D:2      | Learned a level 2 spell: Static Discharge
  1569 | D:2      | Learned a level 3 spell: Swiftness
  2380 | D:3      | Reached XP level 4. HP: 30/33 MP: 3/8
  2460 | D:3      | Got the Codex of Mutated Inhalation
  2600 | D:3      | Found a runed translucent gate.
  2600 | D:3      | Found a runed translucent gate.
  2600 | D:3      | Found an opulent altar of Gozag.
  2600 | D:3      | Found a runed translucent gate.
  2603 | D:3      | Noticed Vorhees's ghost (amateur DjCj)
  2644 | D:3      | Found a radiant altar of Vehumet.
  2644 | D:3      | Found a faded altar of an unknown god.
  2650 | D:3      | Reached skill level 4 in Air Magic
  2650 | D:3      | Reached XP level 5. HP: 30/38 MP: 4/9
  2657 | D:3      | Found a bloodstained altar of Trog.
  2662 | D:3      | Found a sparkling altar of Nemelex Xobeh.
  2663 | D:3      | Found a broken altar of Ashenzari.
  2896 | D:3      | Noticed Grinder
  2915 | D:3      | Paralysed by Grinder for 2 turns
  2925 | D:3      | Slain by Grinder

Illustrated notes

Levels and vault maps discovered:
D:1:      lemuel_arrival_lava_pool, layout_rooms, serial_shops, shop
D:2:      layout_basic
D:3:      layout_loops_ring, chequers_temple_overflow_minitemple,
          elyvilon_altar_3, ebering_ghost_gozag, nicolae_grassy_gnolls,
          uniq_grinder

Skill      XL: |  1  2  3  4 |
---------------+-------------+-----
Dodging        | 2 3 |  3.1
Spellcasting   | 3 |  3.2
Air Magic      | 4 |  4.1
Stealth        | |  1.7
Conjurations   | |  1.0

Action                     |  1- 3 |  4- 6 || total
---------------------------+-------+-------++-------
  Melee: Unarmed           |    45 |       ||    45
         Tailslap          |    12 |     4 ||    16
         Short sword       |    70 |    54 ||   124
         Punch             |     2 |     1 ||     3
   Cast: Shock             |    69 |    10 ||    79
         Static Discharge  |    10 |     6 ||    16
   Stab: Sleeping          |       |     1 ||     1
 Armour: Skin              |    85 |    33 ||   118
  Dodge: Dodged            |    89 |    40 ||   129
